 Dungeon Crawl Stone Soup version 0.30-a0-883-g5ad918d77d (webtiles) character file.

Game seed: 681109833700792579

2480 CrazyBamboolord the Martial Artist (level 9, 0/65 HPs)
             Began as a Merfolk Transmuter on Mar 16, 2023.
             Slain by an orc warrior
             ... wielding a +0 scimitar
              (29 damage)
             ... on level 6 of the Dungeon.
             The game lasted 00:18:32 (6592 turns).

CrazyBamboolord the Martial Artist (MfTm)           Turns: 6592, Time: 00:18:32

Health: 0/65       AC:  4    Str: 13    XL:     9   Next: 51%
Magic:  16/16      EV: 20    Int: 14    God:
Gold:   231        SH:  0    Dex: 20    Spells: 6/17 levels left

rFire   . . .      SeeInvis .      - Unarmed
rCold   . . .      Faith    .    (no shield)
rNeg    . . .      Spirit   .    a - +0 robe
rPois   +          Reflect  .    (helmet currently unavailable)
rElec   .          Rampage  .    o - +0 cloak
rCorr   .                        j - +0 pair of gloves
Will    .....                    u - melded +1 pair of boots {Stlth+}
Stlth   +++                      x - amulet of the acrobat
HPRegen 0.30/turn                B - ring of poison resistance
MPRegen 0.15/turn                z - +6 ring of dexterity

@: appendages (expiring), very quick
A: horns 2, nimble swimmer 2, mertail
a: End Transformation


You were on level 6 of the Dungeon.
You had temporarily grown beastly horns.
You visited 1 branch of the dungeon, and saw 6 of its levels.
You also visited: Sewer and Ossuary.

You collected 231 gold pieces.

Inventory:

Armour
 a - a +0 robe (worn)
 j - a +0 pair of gloves (worn)
 o - a +0 cloak (worn)
 u - a +1 pair of boots of stealth (melded)
Jewellery
 d - a ring of fire
 q - a ring of magical power
 x - an amulet of the acrobat (around neck)
 z - a +6 ring of dexterity (right hand)
 B - a ring of poison resistance (left hand)
Wands
 t - a wand of iceblast (7)
 y - a wand of paralysis (8)
 D - a wand of flame (16)
Scrolls
 i - 2 scrolls of immolation
 l - 5 scrolls of torment
 m - a scroll of enchant weapon
 p - a scroll of noise
 v - 4 scrolls of teleportation
 A - a scroll of fear
 C - a scroll of poison
 G - a scroll of blinking {unknown}
Potions
 b - 5 potions of lignification
 c - 3 potions of haste
 e - 5 potions of degeneration
 f - 2 potions of brilliance
 g - 7 potions of mutation
 h - 4 potions of curing
 k - 2 potions of attraction {unknown}
 n - 3 potions of resistance {unknown}
 r - 3 potions of might
 s - 2 potions of flight {unknown}
 w - a potion of ambrosia {unknown}
 E - a potion of magic {unknown}
 F - a potion of experience {unknown}


   Skills:
 * Level 4.2 Fighting
 * Level 6.6 Dodging
 + Level 1.8 Stealth
 * Level 8.5 Unarmed Combat
 * Level 4.7 Spellcasting
 * Level 5.9 Transmutations
 * Level 3.1 Ice Magic
 * Level 4.3 Poison Magic


You had 6 spell levels left.
You knew the following spells:

 Your Spells              Type           Power      Damage    Failure   Level
a - Beastly Appendage     Tmut           38%        N/A       1%          1
b - Wereblood             Tmut           19%        N/A       2%          2
c - Spider Form           Tmut/Pois      17%        N/A       7%          3
d - Sting                 Tmut/Pois      68%        1d6       2%          1
e - Ice Form              Ice/Tmut       16%        N/A       28%         4

Your spell library contained the following spells:

 Spells                   Type           Power      Damage    Failure   Level
 Poisonous Vapours        Pois/Air       18%        N/A       11%         2
 Magic Dart               Conj           12%        1d3       19%         1
 Call Imp                 Summ           3%         N/A       26%         2
 Mephitic Cloud           Conj/Pois/Air  7%         N/A       30%         3
 Olgreb's Toxic Radiance  Pois           15%        N/A       30%         4


Dungeon Overview and Level Annotations

Branches:
Dungeon (6/15)              Sewer (visited)         Ossuary (visited)
 Temple: D:4-7

Altars:
Cheibriados
Elyvilon
Fedhas
Okawaru
Qazlal

Annotations:
D:6 Eustachio, Menkaure


Innate Abilities, Weirdness & Mutations

You have temporarily grown beastly horns.
You are very nimble when in or above water. (Stealth+, EV+, Speed+++)
Your lower body shifts to a powerful aquatic tail in water.


Message History

The orc warrior hits you with a +0 scimitar!!
The worm closely misses you.
You hit the orc warrior.
The orc warrior is moderately wounded.
The orc warrior closely misses you.
You hit the orc warrior.
The orc warrior is moderately wounded.
The worm closely misses you. The orc warrior misses you.
You barely miss the orc warrior.
You headbutt the orc warrior, but do no damage.
You tail-slap the orc warrior, but do no damage.
The orc warrior is moderately wounded.
You hit the orc warrior but do no damage.
The orc warrior is moderately wounded.
The orc warrior splashes around in the water.
You completely miss the orc warrior. Your headbutt misses the orc warrior.
The orc warrior is moderately wounded.
The orc warrior hits you with a +0 scimitar!
You hit the orc warrior.
The orc warrior is heavily wounded.
The orc warrior closely misses you.
You hit the orc warrior but do no damage.
You headbutt the orc warrior, but do no damage.
The orc warrior is heavily wounded.
You hit the orc warrior. You headbutt the orc warrior.
The orc warrior is severely wounded.
The orc warrior completely misses you.
You hit the orc warrior but do no damage.
You tail-slap the orc warrior, but do no damage.
The orc warrior is severely wounded.
The orc warrior barely misses you.
You barely miss the orc warrior.
You tail-slap the orc warrior, but do no damage.
The orc warrior is severely wounded.
Your transformation is almost over.
The orc warrior hits you with a +0 scimitar!
You hit the orc warrior. You headbutt the orc warrior.
The orc warrior is almost dead.
The orc warrior hits you with a +0 scimitar!!
You die...

#.##..... # #.. .
.~..... ..## #.. ...
#~~.~~# ...$ ...
...##~~.~≈##..### ###
...~~.....≈~..'.
...~~....~~~..#
#..~~.....~~..#
##.~~..)).~≈.##
#.≈~....w@~.#
#.##~~~)o##.# ##
...##~~~~)##.## ## #..
##.......~....###.##...
.#########.......'..Ko
#.......'..o.
#......o'...
###.......##.
..........##


You could see an orc warrior (strong) and a worm.

Vanquished Creatures
  Duvessa (D:4)
  A sky beast (D:5)
  An ogre (D:5)
  A phantom (D:5)
  3 kobold brigands (Sewer)
  Blork the orc (D:5)
  A bullfrog (D:6)
  13 scorpions
  Dowan (D:4)
  A howler monkey (D:6)
  A centaur zombie (Ossuary)
  5 hounds
  2 jellies (D:4)
  An orc priest (D:5)
  2 iguanas
  3 scorpion zombies (Ossuary)
  5 human zombies (Ossuary)
  Natasha (thrice) (D:4)
  2 orc wizards
  3 mummies (Ossuary)
  A gnoll (D:1)
  8 adders
  An ufetubus (D:5)
  A worm (D:2)
  4 dart slugs
  13 orcs
  13 ball pythons
  10 endoplasms
  7 giant cockroaches
  11 goblins
  10 hobgoblins
  7 jackals
  2 quokkas
  2 bats
  3 frilled lizards
  A goblin zombie (Ossuary)
  2 hobgoblin zombies (Ossuary)
  14 kobolds
  7 kobold zombies (Ossuary)
  An orc zombie (Ossuary)
  10 rats
179 creatures vanquished.

Vanquished Creatures (others)
  A plant (Sewer)
  10 toadstools (D:6)
11 creatures vanquished.

Grand Total: 190 creatures vanquished

Notes
Turn   | Place    | Note
-------+----------+-------------------------------------------
     0 | D:1      | CrazyBamboolord the Merfolk Transmuter began the quest for
                  | the Orb.
     0 | D:1      | Reached XP level 1. HP: 15/15 MP: 3/3
    60 | D:1      | Reached XP level 2. HP: 18/21 MP: 5/5
   170 | D:1      | Found a faded altar of an unknown god.
   243 | D:1      | Reached XP level 3. HP: 26/26 MP: 4/6
   528 | D:1      | Learned a level 2 spell: Wereblood
   532 | D:1      | Learned a level 3 spell: Spider Form
   947 | D:2      | Reached XP level 4. HP: 28/33 MP: 5/7
  1037 | D:2      | Reached skill level 4 in Unarmed Combat
  1173 | D:2      | Found a snail-covered altar of Cheibriados.
  1838 | D:3      | Identified the +10 mace "Eziloz" {antimagic, Int+3}
  2139 | D:3      | Reached skill level 1 in Poison Magic
  2647 | D:4      | Reached XP level 5. HP: 35/38 MP: 9/9
  2954 | D:4      | Identified the +8 glaive of Stickiness {heavy, rC+ Dex+3}
  3102 | D:4      | Noticed Natasha
  3115 | D:4      | Killed Natasha
  3116 | D:4      | Reached XP level 6. HP: 24/44 MP: 10/10
  3152 | D:4      | Noticed Duvessa
  3198 | D:4      | Noticed Dowan
  3214 | D:4      | Killed Duvessa
  3217 | D:4      | HP: 1/46 [Dowan/+0 dagger (2)]
  3219 | D:4      | Killed Dowan
  3220 | D:4      | Reached skill level 5 in Unarmed Combat
  3328 | D:4      | Noticed Natasha
  3333 | D:4      | Found a stormy altar of Qazlal.
  3338 | D:4      | Killed Natasha
  3354 | D:4      | Reached XP level 7. HP: 35/51 MP: 12/12
  3360 | D:4      | Noticed Natasha
  3368 | D:4      | Killed Natasha
  3416 | D:4      | Found an iron altar of Okawaru.
  3417 | D:4      | Found a blossoming altar of Fedhas.
  3418 | D:4      | Found a white marble altar of Elyvilon.
  3980 | D:5      | Entered Level 5 of the Dungeon
  3983 | D:5      | Learned a level 1 spell: Sting
  3988 | D:5      | Learned a level 4 spell: Ice Form
  4177 | D:5      | Reached skill level 1 in Stealth
  4227 | D:5      | Reached skill level 1 in Ice Magic
  4245 | D:5      | Reached skill level 5 in Dodging
  4350 | D:5      | Found a sand-covered staircase.
  4429 | Ossuary  | Entered an ossuary
  4449 | Ossuary  | Reached skill level 5 in Transmutations
  4449 | Ossuary  | Reached XP level 8. HP: 58/58 MP: 13/13
  4510 | Ossuary  | Reached skill level 6 in Unarmed Combat
  4933 | Ossuary  | Reached skill level 7 in Unarmed Combat
  5192 | Ossuary  | Reached XP level 9. HP: 44/64 MP: 15/15
  5633 | D:5      | Reached skill level 8 in Unarmed Combat
  5861 | D:5      | Noticed Blork the orc
  5871 | D:5      | Killed Blork the orc
  6186 | D:6      | Noticed Eustachio
  6186 | D:6      | Noticed Menkaure
  6203 | D:6      | Found a glowing drain.
  6213 | Sewer    | Entered a sewer
  6592 | D:6      | Slain by an orc warrior

Illustrated notes

Levels and vault maps discovered:
D:1:      minmay_arrival_arboretum_small, layout_loops_ring,
          shapermc_ecumenical_altar_starsandcircs, chequers_mini_garden
D:2:      layout_basic, basic_altar
D:3:      layout_basic
D:4:      layout_cave_pools, grunt_qazlal_sundering,
          chequers_temple_overflow_statue_of_worship, serial_co_window_serial,
          co_window_cross_1, co_window_of_opportunity_a, co_window_paths_a,
          co_window_of_opportunity_a, co_window_cross_1, co_window_paths_a,
          co_window_paths_b, co_window_of_opportunity_a, co_window_corner_a,
          co_window_corner_cb, co_window_corner_b, co_window_of_opportunity_c,
          co_window_2corner, glass_columns_a, glass_columns_a, glass_columns_a,
          hangedman_decor_clover_reticule, bh_walls_and_bars, uniq_natasha,
          uniq_duvessa
D:5:      layout_basic, nicolae_ossuary_entry_plus, uniq_blork_the_orc
D:6:      cheibrodos_fertilizer, layout_basic, cheibrodos_sewer_entry_sluice,
          nrook_mini_vaults, uniq_eustachio, uniq_menkaure

Skill      XL: |  1  2  3  4  5  6  7  8  9 |
---------------+----------------------------+-----
Dodging        | 3 4 5 6 |  6.6
Transmutations | 3 4 5 |  5.9
Unarmed Combat | 4 5 7 8 |  8.5
Poison Magic   | 1 2 4 |  4.3
Fighting       | 2 3 4 |  4.2
Spellcasting   | 3 4 |  4.7
Stealth        | 1 |  1.8
Ice Magic      | 1 2 3 |  3.1

Action                     |  1- 3 |  4- 6 |  7- 9 || total
---------------------------+-------+-------+-------++-------
  Melee: Unarmed           |    93 |   166 |   442 ||   701
         Headbutt          |    20 |    27 |    70 ||   117
         Punch             |     2 |     1 |    15 ||    18
         Tailslap          |       |       |    11 ||    11
   Cast: Beastly Appendage |    17 |    33 |    40 ||    90
         Spider Form       |       |     1 |     5 ||     6
    Use: Scroll            |       |     4 |    13 ||    17
         Potion            |       |     1 |     4 ||     5
   Stab: Sleeping          |       |     1 |     5 ||     6
 Armour: Robe              |    13 |    31 |    67 ||   111
         Skin              |       |     2 |     4 ||     6
  Dodge: Dodged            |    52 |    86 |   368 ||   506

Table legend: (Time is in decaauts)
 A = Elapsed time spent in this place.
 B = Non-inter-level travel time spent in this place.
 C = Inter-level travel time spent in this place.
 D = Time resting spent in this place.
 E = Time spent auto-exploring this place.
 F = Levels seen in this place.
 G = Mean time per level.
                   A        B        C        D        E       F      G
               +--------+--------+--------+--------+--------+-----+--------+
         Total |   6458 |   6215 |    243 |   1189 |   3207 |   8 |  807.2 |
       Dungeon |   5321 |   5078 |    243 |    750 |   3073 |   6 |  886.8 |
         Sewer |    286 |    286 |      0 |     20 |    116 |   1 |  286.0 |
       Ossuary |    850 |    850 |      0 |    419 |     18 |   1 |  850.0 |
               +--------+--------+--------+--------+--------+-----+--------+

Top non-repeatable levels by time:
     D:4: 1450 daAuts
     D:3: 1034 daAuts
     D:5: 887 daAuts
     D:2: 852 daAuts
     D:1: 851 daAuts
 Ossuary: 850 daAuts
   Sewer: 286 daAuts
     D:6: 245 daAuts
